 Dungeon Crawl Stone Soup version 0.29-a0-721-g7f417c9bbb (webtiles) character file.

Game seed: 7391139298847074187

1325 siradein the Skirmisher (level 8, -24/62 HPs)
             Began as a Hill Orc Hunter on June 28, 2022.
             Killed by an exploding orc warrior (31 damage)
             ... ignited by their inner flame
             ... on level 5 of the Dungeon.
             The game lasted 00:23:22 (7141 turns).

siradein the Skirmisher (Hill Orc Hunter)           Turns: 7141, Time: 00:23:23

Health: -24/62     AC: 10    Str: 16    XL:     8   Next: 60%
Magic:  8/8        EV: 10    Int:  9    God:
Gold:   130        SH:  0    Dex: 16    Spells: 7/7 levels left

rFire   . . .      SeeInvis .   a - +0 shortbow
rCold   . . .      Faith    .   (shield currently unavailable)
rNeg    + + +      Spirit   .   n - +1 scale mail "Syfoodi" {rElec rPois rN+++ Str-4}
rPois   +          Reflect  .   (no helmet)
rElec   +          Harm     .   (no cloak)
rCorr   .          Rampage  .   (no gloves)
Will    .....                   x - +2 pair of boots
Stlth   ..........              (no amulet)
HPRegen 0.20/turn               A - +6 ring of strength
MPRegen 0.11/turn               (no ring)

@: no status effects
A: no striking features
a: no special abilities


You were on level 5 of the Dungeon.
You visited 1 branch of the dungeon, and saw 6 of its levels.

You collected 362 gold pieces.
You spent 232 gold pieces at shops.

Inventory:

Hand Weapons
 a - a +0 shortbow (weapon)
Missiles
 E - 3 curare-tipped darts
Armour
 n - the +1 scale mail "Syfoodi" (worn) {rElec rPois rN+++ Str-4}
   (You found it on level 2 of the Dungeon)

   Str:       It affects your strength (-4).
   rElec:     It insulates you from electricity.
   rPois:     It protects you from poison.
   rN:        It renders you almost immune to negative energy.
 x - a +2 pair of boots (worn)
Jewellery
 k - a ring of ice
 A - a +6 ring of strength (left hand)
Wands
 c - a wand of iceblast (10)
 q - a wand of flame (20)
Scrolls
 b - a scroll of immolation
 d - a scroll of noise {unknown}
 i - 2 scrolls of teleportation {unknown}
 m - a scroll of fog {unknown}
 o - 2 scrolls of magic mapping
 r - a scroll of enchant weapon {unknown}
 s - 2 scrolls of enchant armour
 u - a scroll of torment {unknown}
 y - a scroll of poison {unknown}
 B - a scroll of amnesia {unknown}
 C - a scroll of identify
Potions
 e - 7 potions of curing
 f - a potion of flight {unknown}
 g - 3 potions of haste
 j - a potion of magic
 l - 2 potions of might {unknown}
 p - a potion of heal wounds
 t - a potion of mutation
 v - a potion of attraction {unknown}
 z - a potion of berserk rage {unknown}
 D - a potion of brilliance {unknown}
 F - a potion of cancellation {unknown}


   Skills:
 - Level 2.7 Fighting
 + Level 10.0 Ranged Weapons
 - Level 1.8 Dodging
 - Level 1.0 Stealth


You had 7 spell levels left.
You didn't know any spells.
Your spell library contained the following spells:

 Spells                   Type           Power      Damage    Failure   Level
 Apportation              Tloc           0%         N/A       83%         1
 Beastly Appendage        Tmut           0%         N/A       83%         1
 Magic Dart               Conj           0%         1d3       83%         1
 Necrotize                Necr           0%         1d4       83%         1
 Shock                    Conj/Air       0%         1d3       83%         1
 Summon Small Mammal      Summ           0%         N/A       83%         1
 Blink                    Tloc           0%         N/A       93%         2
 Call Imp                 Summ           0%         N/A       93%         2
 Poisonous Vapours        Pois/Air       0%         N/A       93%         2
 Wereblood                Tmut           0%         N/A       93%         2
 Call Canine Familiar     Summ           0%         N/A       99%         3
 Lesser Beckoning         Tloc           0%         N/A       99%         3
 Mephitic Cloud           Conj/Pois/Air  0%         N/A       99%         3
 Spider Form              Tmut/Pois      0%         N/A       99%         3
 Summon Guardian Golem    Hex/Summ       0%         N/A       99%         3
 Swiftness                Air            0%         N/A       99%         3
 Tukima's Dance           Hex            0%         N/A       99%         3
 Airstrike                Air            0%         N/A       100%        4
 Corpse Rot               Necr/Pois/Air  0%         N/A       100%        4
 Passage of Golubria      Tloc           0%         N/A       100%        4
 Manifold Assault         Tloc           0%         N/A       100%        5
 Yara's Violent Unravell  Hex/Tmut       0%         3d3       100%        5


Dungeon Overview and Level Annotations

Branches:
Dungeon (6/15)
 Temple: D:4-7

Altars:
Vehumet
Zin

Shops:
D:2 =   D:4 !*[([

Annotations:
D:6 Menkaure


Message History

Press: ? - help, Q - select action, (/) - cycle Shift-Dir - straight line, f - orc warrior
Aim: an orc warrior, wielding a +0 battleaxe and wearing a +0 plate armour (lightly wounded, inner flame, 66% to hit)
You shoot an arrow.
The arrow hits the orc warrior but does no damage.
The orc warrior is lightly wounded.
Fire: a) +0 shortbow
Press: ? - help, Q - select action, (/) - cycle Shift-Dir - straight line, f/p - orc warrior
Aim: an orc warrior, wielding a +0 battleaxe and wearing a +0 plate armour (lightly wounded, inner flame, 66% to hit)
You shoot an arrow.
The arrow barely misses the orc warrior.
Fire: a) +0 shortbow
Press: ? - help, Q - select action, (/) - cycle Shift-Dir - straight line, f/p - orc warrior
Aim: an orc warrior, wielding a +0 battleaxe and wearing a +0 plate armour (lightly wounded, inner flame, 66% to hit)
You shoot an arrow.
The arrow completely misses the orc warrior.
Fire: a) +0 shortbow
Press: ? - help, Q - select action, (/) - cycle Shift-Dir - straight line, f/p - orc warrior
Aim: an orc warrior, wielding a +0 battleaxe and wearing a +0 plate armour (lightly wounded, inner flame, 66% to hit)
You shoot an arrow.
The arrow barely misses the orc warrior.
Fire: a) +0 shortbow
Press: ? - help, Q - select action, (/) - cycle Shift-Dir - straight line, f/p - orc warrior
Aim: an orc warrior, wielding a +0 battleaxe and wearing a +0 plate armour (lightly wounded, inner flame, 66% to hit)
You shoot an arrow. The orc shouts!
The arrow hits the orc warrior.
Flame seeps out of the orc warrior.
The orc warrior is moderately wounded.
The orc warrior is engulfed in blazing flames.
Flame seeps out of the orc warrior.
Fire: a) +0 shortbow
Press: ? - help, Q - select action, (/) - cycle Shift-Dir - straight line, f/p - orc warrior
Aim: an orc warrior, wielding a +0 battleaxe and wearing a +0 plate armour (heavily wounded, inner flame, 66% to hit)
You shoot an arrow. The arrow hits the orc warrior.
Flame seeps out of the orc warrior.
The orc warrior is severely wounded.
The orc warrior is engulfed in blazing flames.
The orc warrior explodes!
The fiery explosion engulfs you!!
Ouch! That really hurt!
You die...

##.# ##.....##
##o## #### #.#
##...## #.#
...###.# #o### #.#
.#.....#
#.##########.#####
...#####
#.##..........#...
..##
#.##.#####.......#
### #°##.#
##.......
#○##.######.......
#@§......##.......
####.###......)...
#.######.......
#..............
#########......
######## ##.#....#
#......#
##.###.### ###
#.####[# ##o##
##.## ..# #.# #.#
#.## ##..


You could see an orc.

Vanquished Creatures
  Grinder (D:5)
  An orc warrior (D:5)
  An ice beast (D:5)
  An ogre (D:5)
  A centaur (D:6)
  A phantom (D:5)
  A bullfrog (D:6)
  3 scorpions
  3 jellies
  An orc priest (D:4)
  4 hounds
  Ijyb (D:3)
  3 orc wizards (D:5)
  2 iguanas
  4 adders
  A shadow imp (D:5)
  2 white imps (D:5)
  2 worms
  A dart slug (D:4)
  15 orcs
  5 ball pythons
  6 bats
  6 endoplasms
  2 giant cockroaches
  10 goblins
  3 hobgoblins (D:2)
  3 jackals (D:4)
  5 quokkas
  6 frilled lizards
  4 kobolds
  5 rats
104 creatures vanquished.

Notes
Turn   | Place    | Note
-------+----------+-------------------------------------------
     0 | D:1      | siradein the Hill Orc Hunter began the quest for the Orb.
     0 | D:1      | Reached XP level 1. HP: 18/18 MP: 1/1
   283 | D:1      | Reached skill level 1 in Stealth
   315 | D:1      | Reached XP level 2. HP: 19/25 MP: 2/2
   665 | D:1      | Reached skill level 4 in Ranged Weapons
   732 | D:1      | Reached XP level 3. HP: 30/30 MP: 3/3
  1020 | D:2      | Found a faded altar of an unknown god.
  1199 | D:2      | Identified the +1 scale mail "Syfoodi" {rElec rPois rN+++
                  | Str-4}
  1485 | D:2      | Found Jusoruig's Jewellery Shoppe.
  2273 | D:3      | Reached XP level 4. HP: 37/37 MP: 4/4
  2421 | D:3      | Reached skill level 5 in Ranged Weapons
  2504 | D:3      | Noticed Ijyb
  2530 | D:3      | Killed Ijyb
  2531 | D:3      | Reached XP level 5. HP: 15/42 MP: 5/5
  3031 | D:4      | Found Foiqell's Antique Armour Emporium.
  3048 | D:4      | Reached skill level 6 in Ranged Weapons
  3229 | D:4      | Reached XP level 6. HP: 47/50 MP: 6/6
  3459 | D:4      | Found Femawn's Weapon Shoppe.
  3460 | D:4      | Found Ofikkyxt's Antique Armour Boutique.
  3480 | D:4      | Bought a pair of runed boots for 232 gold pieces
  3568 | D:4      | Found Xoczisho's Assorted Antiques.
  3929 | D:4      | Found Iluuny's Distillery.
  4077 | D:5      | Entered Level 5 of the Dungeon
  4224 | D:5      | Identified the +2 robe of the Building Gods {MP+9 Int+10}
  4234 | D:5      | Reached skill level 7 in Ranged Weapons
  4277 | D:5      | Found a radiant altar of Vehumet.
  4503 | D:4      | Found Femawn's Weapon Shoppe.
  4523 | D:4      | Found Xoczisho's Assorted Antiques.
  4595 | D:4      | Found Iluuny's Distillery.
  4702 | D:4      | Reached XP level 7. HP: 56/56 MP: 7/7
  4715 | D:4      | Found Foiqell's Antique Armour Emporium.
  5415 | D:5      | Reached skill level 8 in Ranged Weapons
  5912 | D:5      | Found a glowing silver altar of Zin.
  5960 | D:6      | Noticed Menkaure
  6111 | D:5      | Reached XP level 8. HP: 47/62 MP: 8/8
  6217 | D:6      | Noticed Grinder
  6236 | D:5      | Reached skill level 9 in Ranged Weapons
  6592 | D:5      | Paralysed by Grinder for 2 turns
  6596 | D:5      | Killed Grinder
  7118 | D:5      | HP: 2/62 [orc warrior/+0 battleaxe (15)]
  7126 | D:5      | Reached skill level 10 in Ranged Weapons
  7141 | D:5      | Killed by an exploding orc warrior... ignited by their
                  | inner flame

Illustrated notes

Levels and vault maps discovered:
D:1:      ebering_trefoil_twist, layout_basic
D:2:      layout_basic, chequers_ecumenical_altar_grove, serial_shops,
          shop_statue
D:3:      layout_rooms, chequers_serial_rivers_small_b, uniq_ijyb
D:4:      layout_basic, serial_shops, nicolae_square_shop, shop,
          nicolae_diamond_shop, shop, kennysheep_mini
D:5:      layout_loops_corners, zin_treasury, mainiacjoe_overflow_paths
D:6:      layout_cave_pools, mumra_transporter_accident, uniq_menkaure,
          uniq_duvessa, uniq_grinder

Skill      XL: |  1  2  3  4  5  6  7  8 |
---------------+-------------------------+-----
Stealth        | 1 |  1.0
Ranged Weapons | 4 5 6 7 8 10 | 10.0
Fighting       | |  2.7
Dodging        | |  1.8

Action                   |  1- 3 |  4- 6 |  7- 9 || total
-------------------------+-------+-------+-------++-------
 Fire: Shortbow          |    86 |   164 |   156 ||   406
  Use: Scroll            |       |     8 |     4 ||    12
       Potion            |       |       |     1 ||     1
Armor: Leather armour    |     8 |     1 |       ||     9
       Ring mail         |       |    35 |    45 ||    80
       Scale mail        |       |       |     6 ||     6
Dodge: Dodged            |    23 |    74 |    55 ||   152

Table legend: (Time is in decaauts)
 A = Elapsed time spent in this place.
 B = Non-inter-level travel time spent in this place.
 C = Inter-level travel time spent in this place.
 D = Time resting spent in this place.
 E = Time spent auto-exploring this place.
 F = Levels seen in this place.
 G = Mean time per level.
                   A        B        C        D        E       F      G
               +--------+--------+--------+--------+--------+-----+--------+
         Total |   7250 |   6947 |    303 |    818 |   5082 |   6 | 1208.3 |
       Dungeon |   7250 |   6947 |    303 |    818 |   5082 |   6 | 1208.3 |
               +--------+--------+--------+--------+--------+-----+--------+

Top non-repeatable levels by time:
     D:5: 2229 daAuts
     D:4: 1670 daAuts
     D:2: 1322 daAuts
     D:1: 943 daAuts
     D:3: 940 daAuts
     D:6: 142 daAuts
